 Dungeon Crawl Stone Soup version 0.28.0-53-g5a82cb258f (webtiles) character file.

Game seed: 13449581200268991798

103 BinaryByto the Skirmisher (level 4, -2/29 HPs)
             Began as a Gargoyle Fighter on June 3, 2022.
             Was a Follower of Nemelex Xobeh.
             Killed from afar by an orc wizard (3 damage)
             ... with a magic dart
             ... on level 3 of the Dungeon.
             The game lasted 00:18:59 (2288 turns).

BinaryByto the Skirmisher (Gargoyle Fighter)        Turns: 2288, Time: 00:19:00

Health: -2/29      AC: 11    Str: 22    XL:     4   Next: 79%
Magic:  4/4        EV:  9    Int:  8    God:    Nemelex Xobeh [*.....]
Gold:   104        SH:  4    Dex:  9    Spells: 3/3 levels left

rFire   . . .      SeeInvis .   a - +0 flail
rCold   . . .      Faith    .   c - +0 buckler
rNeg    + . .      Spirit   .   b - +0 scale mail
rPois   ∞          Reflect  .   l - +0 helmet
rElec   +          Harm     .   (no cloak)
rCorr   .          Rampage  .   (no gloves)
Will    .....                   (no boots)
Stlth   ..........              (no amulet)
HPRegen 0.09/turn               (no ring)
MPRegen 0.09/turn               (no ring)

@: no status effects
A: sickness immunity, AC +3, negative energy resistance 1, electricity
resistance, torment resistance 1, petrification resistance
a: Renounce Religion, Draw Escape, Draw Destruction, Draw Summoning


You were on level 3 of the Dungeon.
You worshipped Nemelex Xobeh.
Nemelex Xobeh was aware of your devotion.
You visited 1 branch of the dungeon, and saw 3 of its levels.

You collected 104 gold pieces.

Inventory:

Hand Weapons
 a - a +0 flail (weapon)
Armour
 b - a +0 scale mail (worn)
 c - a +0 buckler (worn)
 k - a +0 chain mail
 l - a +0 helmet (worn)
Scrolls
 e - a scroll of holy word {unknown}
 f - 3 scrolls of enchant weapon {unknown}
 g - 3 scrolls of identify {unknown}
Potions
 d - 2 potions of might
 h - a potion of flight {unknown}
 i - a potion of degeneration {unknown}
 j - a potion of mutation {unknown}
 m - a potion of berserk rage {unknown}


   Skills:
 + Level 4.1 Fighting
 + Level 3.2 Maces & Flails
 + Level 3.7 Armour
 + Level 0.4 Dodging
 + Level 0.4 Stealth
 + Level 3.8 Shields


You had 3 spell levels left.
You didn't know any spells.
Your spell library was empty.

Dungeon Overview and Level Annotations

Branches:
Dungeon (3/15)

Altars:
Nemelex Xobeh


Innate Abilities, Weirdness & Mutations

You are immune to sickness and miasma.
Your stone body is resilient. (AC +3)
You are immune to poison.
You resist negative energy. (rN+)
You are resistant to electric shocks. (rElec)
You are resistant to unholy torment.
You are immune to petrification.


Message History

You now have 104 gold pieces (gained 11).
You start resting.
An orc wizard comes into view. It is wielding a +0 dagger.
The orc wizard casts a spell at you.
You are confused.
The orc wizard completely misses you.
You miss the orc wizard.
You feel less confused. You block the orc wizard's attack.
You barely miss the orc wizard.
The orc wizard points at you and mumbles some strange words.
You are confused.
The orc wizard completely misses you.
The orc wizard hits you but does no damage.
You closely miss the orc wizard.
The orc wizard hits you but does no damage.
The orc wizard hits you but does no damage.
You see here a hobgoblin corpse.
You miss the orc wizard.
The orc wizard points at you and mumbles some strange words.
The magic dart hits you!
* * * LOW HITPOINT WARNING * * *
The orc wizard hits you but does no damage.
You feel less confused.
You miss the orc wizard.
The orc wizard hits you but does no damage.
You sock the orc wizard!
The orc wizard is almost dead.
The orc wizard gestures at you while chanting.
The puff of flame hits you.
* * * LOW HITPOINT WARNING * * *
The orc wizard casts a spell.
The orc wizard flickers and vanishes!
Deactivating autopickup; reactivate with Ctrl-A.
You closely miss something.
You hear some strange, mumbled words.
A magic dart appears from out of thin air!
The magic dart hits you.
You die...
Your body disappears without a glow.

#######)#.#
#######†##oo
#..))...# oo
.###########
#.####### o.
...........# #.# #.
#..........# #.# .
#########..# #)# .
#.{# #.# .
#.@#####)##
#...).....#
#.#######.# #.# #.#
#.# #.#
########.#######.###
#......)...........#
#.####...#######.#.#
#.# #.#.# #.#.#


There were no monsters in sight!

Vanquished Creatures
  An orc priest (D:3)
  An adder (D:2)
  A worm (D:3)
  A dart slug (D:1)
  6 orcs (D:3)
  6 bats (D:1)
  5 endoplasms
  4 hobgoblins
  3 jackals (D:2)
  2 quokkas
  6 ball pythons (D:1)
  A frilled lizard (D:3)
  5 goblins
  6 kobolds
  A rat (D:1)
49 creatures vanquished.

Notes
Turn   | Place    | Note
-------+----------+-------------------------------------------
     0 | D:1      | BinaryByto the Gargoyle Fighter began the quest for the
                  | Orb.
     0 | D:1      | Reached XP level 1. HP: 14/14 MP: 1/1
   263 | D:1      | Reached XP level 2. HP: 19/19 MP: 2/2
   498 | D:1      | Reached XP level 3. HP: 24/24 MP: 3/3
   907 | D:1      | Found a faded altar of an unknown god.
   951 | D:1      | Prayed at the altar of an unknown god.
   951 | D:1      | Became a worshipper of Nemelex Xobeh the Trickster
   951 | D:1      | Reached * piety under Nemelex Xobeh
   951 | D:1      | Received a gift from Nemelex Xobeh
  2070 | D:3      | Received a gift from Nemelex Xobeh
  2131 | D:3      | Reached XP level 4. HP: 29/29 MP: 4/4
  2165 | D:3      | Reached skill level 4 in Fighting
  2287 | D:3      | HP: 1/29 [orc wizard/puff of flame (6)]
  2288 | D:3      | Killed from afar by an orc wizard

Illustrated notes

Levels and vault maps discovered:
D:1:      minmay_arrival_open_corners, layout_basic,
          hellmonk_ecumenical_altar_heavens_door
D:2:      layout_basic
D:3:      layout_loops_ring, trog_three_pillars_becter, chequers_avenue,
          uniq_pargi

Skill      XL: |  1  2  3  4 |
---------------+-------------+-----
Fighting       | 4 |  4.1
Maces & Flails | 3 |  3.2
Armour         | |  3.7
Dodging        | |  0.4
Stealth        | |  0.4
Shields        | |  3.8

Action                   |  1- 3 |  4- 6 || total
-------------------------+-------+-------++-------
Melee: Flail             |    95 |    55 ||   150
Armor: Scale mail        |    55 |    30 ||    85
Dodge: Dodged            |    66 |    27 ||    93
Block: Buckler           |    22 |     9 ||    31
